 Dungeon Crawl Stone Soup version 0.29.1-2-gbd0b4ee654 (webtiles) character file.

Game seed: 14958450240491549639

79 funnyparkerb the Cudgeller (level 4, -9/39 HPs)
             Began as a Minotaur Fighter on Nov 4, 2022.
             Mangled by an orc warrior
             ... wielding a +0 glaive
              (16 damage)
             ... on level 3 of the Dungeon.
             The game lasted 00:01:25 (2014 turns).

funnyparkerb the Cudgeller (Minotaur Fighter)       Turns: 2014, Time: 00:01:25

Health: -9/39      AC:  6    Str: 23    XL:     4   Next: 16%
Magic:  3/3        EV:  9    Int:  5    God:
Gold:   138        SH:  4    Dex:  9    Spells: 3/3 levels left

rFire   . . .      SeeInvis .   a - +0 flail
rCold   . . .      Faith    .   c - +0 buckler
rNeg    . . .      Spirit   .   b - +0 scale mail
rPois   .          Reflect  .   (helmet restricted)
rElec   .          Harm     .   (no cloak)
rCorr   .          Rampage  .   (no gloves)
Will    .....                   (no boots)
Stlth   ..........              i - amulet of magic regeneration
HPRegen 0.13/turn               (no ring)
MPRegen 0.48/turn               (no ring)

@: no status effects
A: horns 2, retaliatory headbutt
a: no special abilities


You were on level 3 of the Dungeon.
You visited 1 branch of the dungeon, and saw 3 of its levels.

You collected 138 gold pieces.

Inventory:

Hand Weapons
 a - a +0 flail (weapon)
Armour
 b - a +0 scale mail (worn)
 c - a +0 buckler (worn)
Jewellery
 i - an amulet of magic regeneration (around neck)
 p - a ring of poison resistance
Scrolls
 f - a scroll of brand weapon {unknown}
 l - a scroll of poison {unknown}
 n - a scroll of identify {unknown}
 o - a scroll of teleportation {unknown}
Potions
 d - 4 potions of might
 e - a potion of curing {unknown}
 g - a potion of flight {unknown}
 h - a potion of lignification {unknown}
 j - a potion of ambrosia {unknown}
 k - a potion of brilliance {unknown}
 m - a potion of mutation {unknown}


   Skills:
 - Level 3.6 Fighting
 + Level 5.4 Maces & Flails
 - Level 3.6 Armour
 - Level 3.6 Shields


You had 3 spell levels left.
You didn't know any spells.
Your spell library contained the following spells:

 Spells                   Type           Power      Damage    Failure   Level
 Conjure Flame            Conj/Fire      0%         6-21      99%         3
 Summon Lightning Spire   Summ/Air       0%         N/A       100%        4
 Freezing Cloud           Conj/Ice/Air   0%         6-21      100%        5
 Summon Mana Viper        Hex/Summ       0%         N/A       100%        5
 Simulacrum               Ice/Necr       0%         N/A       100%        6
 Summon Cactus Giant      Summ           0%         N/A       100%        6
 Polar Vortex             Ice            0%         N/A       100%        9


Dungeon Overview and Level Annotations

Branches:
Dungeon (3/15)

Altars:


Innate Abilities, Weirdness & Mutations

You have a pair of horns on your head.
You reflexively headbutt those who attack you in melee.


Message History

You feel sick.
You are no longer poisoned.
HP restored.
You now have 138 gold pieces (gained 14).
Found a scale mail.
No target in view!
p - a ring of poison resistance
Found a long sword.
You pick up the Teachings on Fire and Mustering and begin reading...
You add the spells Conjure Flame, Summon Lightning Spire, Summon Mana Viper and Summon Cactus Giant to your library.
Found a stone staircase leading down.
A bat and a kobold come into view.
There are monsters nearby!
An orc warrior comes into view. It is wielding a +0 glaive.
The orc warrior shouts!
The bat hits you but does no damage.
You miss the bat. Your headbutt misses the bat.
The bat hits you but does no damage. The bat closely misses you.
The bat barely misses you.
You sock the bat!
You kill the bat!
The kobold throws a stone.
The stone hits you but does no damage.
The kobold hits you with a +0 short sword.
The orc warrior hits you from afar with a +0 glaive!
You see here a bat corpse.
You hit the kobold but do no damage. The kobold hits you but does no damage.
You block the orc warrior's attack.
You hit the kobold.
The kobold is severely wounded.
The kobold hits you but does no damage.
The orc warrior hits you from afar with a +0 glaive!!
The kobold hits you but does no damage.
The orc warrior hits you from afar with a +0 glaive!
* * * LOW HITPOINT WARNING * * *
You are too injured to fight recklessly!
The kobold attacks as you move away! The kobold hits you but does no damage.
The kobold throws a stone.
The stone closely misses you. The kobold closely misses you.
The orc warrior hits you from afar with a +0 glaive!
You die...

...#...................
###......######...######
##.....#...###.........#
#.#)#........#...#####.#
#.#..#...##.#.###
#..##..#....##...#
#......o.....#.#
##.#†.K#..#.#.#
####@..#...# #.###.###
...# #.# #..### ### ...#
#>## #


You could see an orc warrior and a kobold.

Vanquished Creatures
  3 adders
  2 worms (D:2)
  5 ball pythons
  2 endoplasms (D:1)
  4 giant cockroaches
  4 hobgoblins
  4 jackals (D:2)
  A quokka (D:1)
  4 bats
  2 frilled lizards
  7 goblins
  5 kobolds
  3 rats
46 creatures vanquished.

Notes
Turn   | Place    | Note
-------+----------+-------------------------------------------
     0 | D:1      | funnyparkerb the Minotaur Fighter began the quest for the
                  | Orb.
     0 | D:1      | Reached XP level 1. HP: 19/19 MP: 0/0
   246 | D:1      | Reached skill level 3 in Maces & Flails
   407 | D:1      | Reached XP level 2. HP: 26/26 MP: 1/1
   650 | D:1      | Reached skill level 4 in Maces & Flails
  1072 | D:2      | Reached XP level 3. HP: 29/31 MP: 2/2
  1113 | D:2      | Reached skill level 5 in Maces & Flails
  1455 | D:2      | Found a faded altar of an unknown god.
  1878 | D:3      | Reached XP level 4. HP: 39/39 MP: 3/3
  1983 | D:3      | Got the Teachings on Fire and Mustering
  2003 | D:3      | Noticed an orc warrior
  2014 | D:3      | Mangled by an orc warrior

Illustrated notes

Levels and vault maps discovered:
D:1:      erik_arrival_triangle_medium, layout_basic, minmay_circled_x
D:2:      layout_rooms, chequers_ecumenical_altar_island,
          chequers_serial_rivers_large_a, grunt_ministairs_9
D:3:      layout_basic, minmay_increasing_density, uniq_grinder

Skill      XL: |  1  2  3 |
---------------+----------+-----
Maces & Flails | 3 4 5 |  5.4
Fighting       | |  3.6
Armour         | |  3.6
Shields        | |  3.6

Action                   |  1- 3 |  4- 6 || total
-------------------------+-------+-------++-------
Melee: Flail             |   111 |     6 ||   117
       Headbutt          |    20 |     1 ||    21
Armor: Scale mail        |    62 |     8 ||    70
Dodge: Dodged            |    63 |     4 ||    67
Block: Buckler           |    29 |     1 ||    30
